Map: Oxide LE

Players

PartinG

  • Race: Protoss Protoss
  • League: Grandmaster
  • Spawn Location: 1:00

Solar - Winner!

  • Race: Zerg Zerg
  • League: Grandmaster
  • Spawn Location: 7:00

Event: ASUS ROG Online 2020

VOD

Have the link to the VOD?

Description

Time

  • Played on: Nov. 29, 2020, 8:50 a.m.
  • Length: 2:56

All games in this series

Show
View Real Time Build Order
Export as new Build Order

PartinG Protoss 

Build Orders: Cannon Rush 

Get SALT Encoding   

  12  0:00  Probe (Chrono Boost)  
  13  0:09  Probe (Chrono Boost)  
  14  0:17  Pylon  
  14  0:21  Probe  
  15  0:35  Probe  
  16  0:37  Forge  
  16  0:54  Probe  
  17  1:07  Probe  
  18  1:15  Pylon  
  18  1:17  Pylon x2  
  18  1:26  Pylon  
  18  1:34  Gateway  
  18  1:37  Pylon, Photon Cannon  
  18  1:39  Pylon  
  18  1:44  Pylon  
  17  1:50  Probe  
  18  1:58  Photon Cannon  
  18  1:59  Photon Cannon  
  18  2:03  Probe  
  18  2:15  Assimilator  
  18  2:16  Probe  
  18  2:19  Zealot (Chrono Boost)  
  18  2:21  Assimilator  
  21  2:26  Cybernetics Core  
  21  2:30  Photon Cannon  
  21  2:42  Photon Cannon  
Show
View Real Time Build Order
Export as new Build Order

Solar Zerg - Winner!

Build Orders: Hatch First 

Get SALT Encoding   

  12  0:00  Drone  
  13  0:12  Overlord  
  13  0:17  Drone  
  14  0:31  Drone x2  
  16  0:48  Hatchery  
  15  0:51  Drone  
  15  0:54  Drone  
  17  0:59  Drone  
  18  1:08  Extractor  
  17  1:16  Spawning Pool  
  16  1:18  Drone  
  16  1:22  Drone  
  19  1:43  Extractor  
  19  1:45  Drone x2  
  20  2:04  Zergling x2  
  20  2:05  Zergling x4, Queen  
  24  2:13  Spine Crawler  
  23  2:20  Spine Crawler  
  22  2:25  Zergling x2  
  23  2:30  Zergling x2  
  23  2:32  Zergling x2  
Tags
 
Add a new tag
Caveats
  • Supply blocks, unpowered buildings, or Contaminate may cause inaccurate times.
  • Supply counts are checked every 10 seconds.